 Dungeon Crawl Stone Soup version 0.30-a0-1124-g6e8f0f562f (webtiles) character file.

Game seed: 1584241535099869476

7872 HoaS the Marksant (level 11, -2/77 HPs)
             Began as a Formicid Hunter on Apr 23, 2023.
             Was an Initiate of Gozag.
             Slain by a death yak (22 damage)
             ... on level 2 of the Lair of Beasts.
             The game lasted 00:22:10 (9832 turns).

HoaS the Marksant (Formicid Hunter)                 Turns: 9832, Time: 00:22:11

Health: -2/77      AC: 11    Str: 15    XL:     11   Next: 45%
Magic:  11/11      EV: 14    Int: 10    God:    Gozag
Gold:   1421       SH: 11    Dex: 21    Spells: 10/10 levels left

rFire   . . .        a - +2 shortbow (flame)
rCold   + . .        l - +0 buckler
rNeg    . . .        c - +0 leather armour
rPois   .            (helmet unavailable)
rElec   .            u - +2 cloak
rCorr   .            g - +1 pair of gloves
SInv    +            j - +2 pair of boots
Will    +....        i - amulet of reflection
Stlth   ++           t - ring of protection from cold
HPRegen 0.32/turn    (no ring)
MPRegen 0.12/turn

%: reflection
@: invisible
A: permanent stasis, dig shafts and tunnels, antennae 3, four strong arms
a: Dig, Shaft Self, Renounce Religion, Potion Petition, Call Merchant, Bribe
Branch


You were on level 2 of the Lair of Beasts.
You worshipped Gozag.
Gozag was most pleased with you.
You visited 3 branches of the dungeon, and saw 12 of its levels.
You also visited: Sewer.

You collected 1739 gold pieces.
You spent 219 gold pieces at shops.
You paid 99 gold pieces to Gozag.

Inventory:

Hand Weapons
 a - a +2 shortbow of flaming (weapon)
Armour
 c - a +0 leather armour (worn)
 g - a +1 pair of gloves (worn)
 j - a +2 pair of boots (worn)
 l - a +0 buckler (worn)
 u - a +2 cloak (worn)
Jewellery
 f - a ring of ice
 i - an amulet of reflection (around neck)
 t - a ring of protection from cold (left hand)
Wands
 q - a wand of polymorph (23)
 r - a wand of iceblast (16)
 y - a wand of flame (17)
 B - a wand of charming (12)
Scrolls
 b - 2 scrolls of immolation
 p - a scroll of brand weapon
 w - 2 scrolls of fog {unknown}
 x - 3 scrolls of magic mapping
Potions
 d - 4 potions of flight
 k - a potion of degeneration {unknown}
 m - 2 potions of lignification
 n - 3 potions of mutation
 o - 6 potions of curing
 s - a potion of cancellation {unknown}
 v - 2 potions of resistance
 z - a potion of attraction {unknown}


   Skills:
 + Level 4.2 Fighting
 - Level 16.0 Ranged Weapons
 * Level 4.7 Dodging
 - Level 1.2 Stealth
 - Level 3.0 Shields


You had 10 spell levels left.
You didn't know any spells.
Your spell library contained the following spells:

 Spells                   Type           Power      Damage    Failure   Level
 Summon Small Mammal      Summ           0%         N/A       54%         1
 Poisonous Vapours        Pois/Air       0%         N/A       67%         2
 Call Canine Familiar     Summ           0%         N/A       88%         3
 Dazzling Flash           Conj/Hex       0%         N/A       88%         3
 Mephitic Cloud           Conj/Pois/Air  0%         N/A       88%         3
 Summon Guardian Golem    Hex/Summ       0%         N/A       88%         3
 Volatile Blastmotes      Fire/Tloc      0%         2d10      88%         3
 Iskenderun's Mystic Bla  Conj/Tloc      0%         2d3       99%         4
 Freezing Cloud           Conj/Ice/Air   0%         6-21      100%        5
 Starburst                Conj/Fire      0%         6d3       100%        6
 Ozocubu's Refrigeration  Ice            0%         4d7       100%        7
 Polar Vortex             Ice            0%         N/A       100%        9
 Simulacrum               Ice/Necr       Unusable   N/A       N/A         6

Dungeon Overview and Level Annotations

Branches:
Dungeon (9/15)             Temple (1/1) D:4            Lair (2/5) D:9
  Sewer (visited)
  Swamp: Lair:2-3    Shoals: Lair:2-3     Snake: Lair:2-3    Spider: Lair:2-3
    Orc: D:9-12

Altars:
Ashenzari
Cheibriados
Dithmenos
Elyvilon
Gozag
Hepliaklqana
Makhleb
Nemelex Xobeh
Okawaru
Qazlal
Ru
Sif Muna
Trog
Uskayaw
Vehumet
Wu Jian
Xom
Yredelemnul
Zin
The Shining One

Shops:
D:2 ?   D:8 [   D:9 *!

Annotations:
D:7 2 runed translucent doors, AppleFox63's ghost, novice MiHu
Lair:1 2 transporters, initializr's ghost, journeyman SpWr


Innate Abilities, Weirdness & Mutations

You cannot be hasted, slowed, berserked, paralysed or teleported.
You can dig through walls and to a lower floor.
You have a pair of large antennae on your head. (SInv)
Your four strong arms can wield two-handed weapons with a shield.


Message History

You block the death yak's attack.
You shoot an arrow. The arrow hits the death yak!
The arrow burns the death yak.
The death yak is moderately wounded.
The death yak completely misses you.
You shoot an arrow. The arrow hits the death yak!
The arrow burns the death yak.
The death yak is heavily wounded.
You hear a bellow!
You shoot an arrow.
The arrow hits the death yak but does no damage.
The death yak is heavily wounded.
You block the death yak's attack.
You shoot an arrow.
The arrow hits the death yak but does no damage.
The death yak is heavily wounded.
You block the death yak's attack.
You shoot an arrow.
The arrow hits the death yak but does no damage.
The death yak is heavily wounded.
The death yak gores you!
* * * LOW HITPOINT WARNING * * *
You shoot an arrow. The arrow hits the death yak!
The arrow burns the death yak.
The death yak is severely wounded.
You shoot an arrow. The arrow hits the death yak!
The arrow burns the death yak.
The death yak is severely wounded.
The death yak closely misses you.
You shoot an arrow. The arrow hits the death yak!
The arrow burns the death yak.
The death yak is almost dead.
You block the death yak's attack.
You shoot an arrow. The arrow hits the death yak.
The arrow burns the death yak.
The death yak is almost dead.
You hear a bellow!
The death yak gores you!!
You die...
Your body crumbles into a pile of gold.

....... {
..Y.... #.#
...<... #.#
....... ...
....... #©#
......Y####§#
...$.....##8#
......##..#####
..... #...{#@#
..F. #.#{#Y##
... ####### ..
.


You could see a death yak (wandering, unable to see you).

Vanquished Creatures
  A death yak (Lair:2)
  Amaemon (Lair:1)
  An orange demon (Lair:1)
  Psyche (D:9)
  2 cane toads
  A troll (D:8)
  A shadow (D:8)
  5 yaks (Lair:1)
  A wraith (D:9)
  A steam dragon (D:8)
  2 water moccasins
  4 orc warriors
  An ice beast (D:7)
  A black bear (D:4)
  5 ogres
  2 centaurs
  4 kobold brigands
  4 bullfrogs
  A gnoll sergeant (D:8)
  5 scorpions
  6 killer bees (D:9)
  5 howler monkeys
  A jelly (D:5)
  7 orc priests
  6 hounds
  A gnoll bouda (D:4)
  2 sleepcaps (D:6)
  Ijyb (D:3)
  3 iguanas
  16 orc wizards
  6 hell rats (Lair:1)
  12 gnolls
  2 river rats
  6 adders
  5 shadow imps
  3 white imps
  2 ufetubi (D:4)
  A worm (D:3)
  6 dart slugs
  31 orcs
  9 ball pythons
  3 bats
  9 endoplasms
  6 giant cockroaches
  18 goblins
  3 hobgoblins
  8 jackals
  5 quokkas
  21 kobolds
  9 rats
  A butterfly (Lair:1)
258 creatures vanquished.

Vanquished Creatures (others)
  A centaur (D:9)
  3 fungi (Lair:1)
  A plant (Lair:1)
5 creatures vanquished.

Grand Total: 263 creatures vanquished

Notes
Turn   | Place    | Note
-------+----------+-------------------------------------------
     0 | D:1      | HoaS the Formicid Hunter began the quest for the Orb.
     0 | D:1      | Reached XP level 1. HP: 16/16 MP: 1/1
    78 | D:1      | Found a faded altar of an unknown god.
    97 | D:1      | Reached XP level 2. HP: 13/22 MP: 2/2
   339 | D:1      | Reached XP level 3. HP: 26/27 MP: 3/3
   578 | D:1      | Reached skill level 5 in Ranged Weapons
   940 | D:2      | Reached XP level 4. HP: 33/33 MP: 4/4
  1462 | D:2      | Found Hucoorch's Magic Scroll Boutique.
  1589 | D:3      | Reached skill level 1 in Shields
  1589 | D:3      | Reached XP level 5. HP: 22/38 MP: 5/5
  1618 | D:3      | Reached skill level 6 in Ranged Weapons
  1693 | D:3      | Found a glowing drain.
  1725 | Sewer    | Entered a sewer
  1760 | Sewer    | Noticed a kobold brigand
  1810 | Sewer    | Killed a kobold brigand
  1821 | Sewer    | Noticed a kobold brigand
  1830 | Sewer    | Killed a kobold brigand
  1831 | Sewer    | Reached XP level 6. HP: 39/44 MP: 6/6
  1851 | Sewer    | Found a white marble altar of Elyvilon.
  2182 | D:3      | Noticed Ijyb
  2191 | D:3      | Killed Ijyb
  2192 | D:3      | Reached skill level 7 in Ranged Weapons
  2851 | D:4      | Noticed an ogre
  2851 | D:4      | Found the +6 shillelagh "Devastator" {shatter}
  2853 | D:4      | Noticed an ogre
  2971 | D:4      | Reached XP level 7. HP: 50/50 MP: 7/7
  3035 | D:4      | Reached skill level 8 in Ranged Weapons
  3216 | D:5      | Entered Level 5 of the Dungeon
  3332 | D:4      | Reached XP level 8. HP: 41/56 MP: 8/8
  3444 | D:4      | Found a burning altar of Makhleb.
  3447 | D:4      | Found a glowing silver altar of Zin.
  3447 | D:4      | Found a radiant altar of Vehumet.
  3448 | D:4      | Identified the +0 robe "Zeuffe" {rN+}
  3455 | D:4      | Found a shimmering altar of Xom.
  3455 | D:4      | Found a blossoming altar of Fedhas.
  3455 | D:4      | Found a stormy altar of Qazlal.
  3504 | D:4      | Reached skill level 9 in Ranged Weapons
  3520 | D:4      | Found a staircase to the Ecumenical Temple.
  3528 | Temple   | Entered the Ecumenical Temple
  3682 | Temple   | Became a worshipper of Gozag Ym Sagoz the Greedy
  4224 | D:5      | Reached skill level 10 in Ranged Weapons
  4335 | D:5      | Identified the +3 dagger "Acuimity" {venom, rN+ Int+3}
  4735 | D:5      | Reached skill level 11 in Ranged Weapons
  4735 | D:5      | Reached XP level 9. HP: 58/61 MP: 9/9
  5679 | D:7      | Reached skill level 12 in Ranged Weapons
  5722 | D:7      | Found a large runed translucent door.
  5722 | D:7      | Found a large runed translucent door.
  5724 | D:7      | Noticed AppleFox63's ghost (novice MiHu)
  6576 | D:8      | You fall into a shaft and drop 1 floor!
  6771 | D:8      | Found Fuloamaxi's Armour Shoppe.
  6809 | D:8      | Noticed a troll
  6832 | D:8      | Killed a troll
  6869 | D:8      | Reached skill level 13 in Ranged Weapons
  7078 | D:8      | Reached XP level 10. HP: 67/67 MP: 10/10
  7820 | D:9      | Reached skill level 14 in Ranged Weapons
  8120 | D:9      | Noticed Psyche
  8131 | D:9      | Killed Psyche
  8177 | D:9      | Found a staircase to the Lair.
  8203 | D:9      | Found a radiant altar of Vehumet.
  8406 | D:9      | Found Qojeir's Distillery.
  8427 | D:9      | Reached skill level 15 in Ranged Weapons
  8520 | D:9      | Bought a potion of curing for 36 gold pieces
  8520 | D:9      | Bought a potion of curing for 36 gold pieces
  8595 | D:9      | Found Maeriuna's General Store.
  8613 | D:9      | Bought a scroll of enchant armour for 105 gold pieces
  8613 | D:9      | Bought a potion of curing for 42 gold pieces
  8791 | Lair:1   | Entered Level 1 of the Lair of Beasts
  8834 | Lair:1   | Reached XP level 11. HP: 50/72 MP: 11/11
  9032 | Lair:1   | Noticed Amaemon
  9054 | Lair:1   | Killed Amaemon
  9055 | Lair:1   | Reached skill level 16 in Ranged Weapons
  9526 | Lair:1   | Noticed a moth of wrath
  9534 | Lair:1   | Found a transporter.
  9538 | Lair:1   | Noticed a spriggan rider
  9543 | Lair:1   | Found a bloodstained altar of Trog.
  9543 | Lair:1   | Noticed initializr's ghost (journeyman SpWr)
  9543 | Lair:1   | Noticed a spriggan rider
  9555 | Lair:1   | Found a transporter.
  9775 | Lair:1   | You fall into a shaft and drop 1 floor!
  9781 | Lair:2   | Noticed a death yak
  9781 | Lair:2   | Noticed a death yak
  9819 | Lair:2   | Killed a death yak
  9819 | Lair:2   | Noticed a death yak
  9832 | Lair:2   | Slain by a death yak

Illustrated notes

Levels and vault maps discovered:
D:1:      dpeg_arrival_arbitrary_b, layout_loops_ring,
          hellmonk_ecumenical_altar_dog_temple
D:2:      layout_basic, serial_shops, shop_statue, st_stairs_5
D:3:      layout_basic, portal_sewer_entry_e, uniq_ijyb
D:4:      minmay_chambers_of_twos, layout_cave_pools, doesnt_xom_only_xom,
          minmay_temple_entry_water_ring, serial_column_ruins,
          column_ruins_hut_pillars, column_ruins_corridor_water,
          column_ruins_columns_water, column_ruins_grid_3,
          column_ruins_open_tiny, grunt_ministairs_11,
          dilly_guarded_unrand_devastator
D:5:      layout_gridville, columned_hall_lemuel
D:6:      layout_basic, minmay_ogre_servants
D:7:      layout_cave_pods, serial_column_ruins, column_ruins_hut_ruined,
          column_ruins_hut, column_ruins_corridor_straight,
          column_ruins_open_tiny, column_ruins_grid_3,
          column_ruins_columns_water, column_ruins_columns_T,
          column_ruins_open_small, ebering_ghost_disaster_area,
          dreamdust_princess_corridor
D:8:      layout_loops_ring, serial_shops, nicolae_shop_tiny_waterfront,
          minmay_circle_x
D:9:      layout_basic, mainiacjoe_overflow_tiny_flanked, lair_entry_dummy,
          serial_shops, shop, nicolae_shop_stone, uniq_psyche
Temple:   regret_index_temple_chain_breaker
Lair:1:   layout_loops_ring, gammafunk_ghost_wrathful_warriors,
          lemuel_fruit_fields, uniq_amaemon
Lair:2:   gammafunk_boulding_lane, layout_hall_layers, spider_nest_entry_webs,
          grunt_megastairs_4, uniq_urug

Skill      XL: |  1  2  3  4  5  6  7  8  9 10 11 |
---------------+----------------------------------+-----
Ranged Weapons | 5 6 7 8 11 13 15 16 | 16.0
Shields        | 1 2 3 |  3.0
Dodging        | 4 |  4.7
Fighting       | 4 |  4.2
Stealth        | |  1.2

Action                     |  1- 3 |  4- 6 |  7- 9 | 10-12 || total
---------------------------+-------+-------+-------+-------++-------
  Melee: Shortbow          |       |       |       |     1 ||     1
   Fire: Shortbow          |    91 |   155 |   382 |   379 ||  1007
Ability: Shaft Self        |       |       |     1 |       ||     1
         Dig               |       |       |       |     2 ||     2
    Use: Scroll            |     2 |     4 |    11 |     5 ||    22
         Potion            |       |       |     2 |     3 ||     5
 Armour: Leather armour    |     4 |     7 |    55 |    40 ||   106
  Dodge: Dodged            |    30 |    28 |    57 |    71 ||   186
  Block: Buckler           |       |    20 |    77 |    99 ||   196
         Other             |       |     5 |       |       ||     5
         Reflection        |       |     2 |     6 |     1 ||     9

Table legend: (Time is in decaauts)
 A = Elapsed time spent in this place.
 B = Non-inter-level travel time spent in this place.
 C = Inter-level travel time spent in this place.
 D = Time resting spent in this place.
 E = Time spent auto-exploring this place.
 F = Levels seen in this place.
 G = Mean time per level.
                   A        B        C        D        E       F      G
               +--------+--------+--------+--------+--------+-----+--------+
         Total |   9917 |   9468 |    449 |   1762 |   5694 |  13 |  762.8 |
       Dungeon |   8435 |   8031 |    404 |   1431 |   4947 |   9 |  937.2 |
        Temple |    169 |    124 |     45 |      0 |    108 |   1 |  169.0 |
          Lair |   1003 |   1003 |      0 |    320 |    484 |   2 |  501.5 |
         Sewer |    309 |    309 |      0 |     10 |    154 |   1 |  309.0 |
               +--------+--------+--------+--------+--------+-----+--------+

Top non-repeatable levels by time:
     D:8: 1436 daAuts
     D:3: 1141 daAuts
     D:4: 1058 daAuts
  Lair:1: 956 daAuts
     D:6: 868 daAuts
     D:7: 863 daAuts
     D:1: 829 daAuts
     D:9: 820 daAuts
     D:2: 729 daAuts
     D:5: 688 daAuts
   Sewer: 309 daAuts
  Temple: 169 daAuts
  Lair:2: 47 daAuts
